 Dungeon Crawl Stone Soup version 0.31-a0-986-g5e6e4ef867 (webtiles) character file.

Game seed: 17133805548306870072

105 jestert79 the Ruffian (level 4, 0/32 HPs)
             Began as a Demonspawn Shapeshifter on Nov 8, 2023.
             Hit by a stone thrown by a gnoll (5 damage)
             ... on level 3 of the Dungeon.
             The game lasted 00:06:12 (1984 turns).

jestert79 the Ruffian (Demonspawn Shapeshifter)     Turns: 1984, Time: 00:06:12

Health: 0/32       AC:  2    Str: 15    XL:     4   Next: 53%
Magic:  4/4        EV: 12    Int: 11    God:
Gold:   186        SH:  0    Dex: 14    Spells: 3/3 levels left

rFire   . .          .
                       - Unarmed
rCold   . . .        (no shield)
rNeg    . . .        a - +0 animal skin
rPois   .            (helmet currently unavailable)
rElec   .            (cloak currently unavailable)
rCorr   .            (gloves currently unavailable)
SInv    .            (boots currently unavailable)
Will    .....        (no amulet)
Stlth   +            (no ring)
HPRegen 0.25/turn    (no ring)
MPRegen 0.18/turn

%: no passive effects
@: about to teleport, beast-form
A: beast (slay +1), hooves 1, magic regeneration
a: Begin Untransformation


You were on level 3 of the Dungeon.
You were a hulking beast.
You visited 1 branch of the dungeon, and saw 3 of its levels.

You collected 186 gold pieces.

Inventory:

Missiles
 f - 30 stones
 m - 2 poisoned darts
Armour
 a - a +0 animal skin (worn)
Talismans
 c - a beast talisman
 d - a flux talisman
 l - a blade talisman
Scrolls
 e - a scroll of enchant armour
 h - a scroll of identify
 k - a scroll of vulnerability {unknown}
Potions
 b - a potion of lignification
 g - a potion of heal wounds
 j - 2 potions of invisibility {unknown}


   Skills:
 - Level 1.0 Fighting
 - Level 1.7 Dodging
 * Level 4.2 Unarmed Combat
 + Level 3.4 Shapeshifting


You had 3 spell levels left.
You didn't know any spells.
Your spell library contained the following spells:

 Spells                   Type           Power      Damage    Failure   Level
 Sting                    Tmut/Pois      0%         1d3       34%         1
 Poisonous Vapours        Pois/Air       0%         N/A       47%         2
 Sublimation of Blood     Necr           0%         N/A       47%         2
 Olgreb's Toxic Radiance  Pois           0%         N/A       98%         4
 Petrify                  Tmut/Erth      0%         N/A       98%         4
 Irradiate                Conj/Tmut      0%         3d11      100%        5


Dungeon Overview and Level Annotations

Branches:
Dungeon (3/15)

Altars:


Innate Abilities, Weirdness & Mutations

You are a hulking beast.
Your limbs bulge with bestial killing power. (Slay +1)
You have large cloven feet.
You regenerate magic rapidly.


Message History

The gnoll hits you with a +0 club.
The gnoll hits you from afar with a +0 spear.
You barely miss the gnoll.
The gnoll is almost dead.
The gnoll closely misses you. x2
You barely miss the gnoll.
The gnoll is almost dead.
The gnoll hits you with a +0 club.
The gnoll hits you from afar with a +0 spear.
You punch the gnoll!
You kill the gnoll!
The gnoll throws a stone.
The stone misses you.
The gnoll throws a stone.
The stone hits you.
Okay, then.
You are too injured to fight recklessly!
Unknown command.
As you read the scroll labelled UNLOAB ZIJOESO, it crumbles to dust.
It is a scroll of identify.
e - a scroll of enchant armour The gnoll throws a stone.
The stone barely misses you.
As you read the scroll labelled UGECSIXTUTZ, it crumbles to dust.
You feel strangely unstable.
It was a scroll of teleportation.
You hit the gnoll but do no damage. You kick the gnoll, but do no damage.
The gnoll barely misses you.
Unknown command.
You hit the gnoll.
The gnoll is lightly wounded.
The gnoll hits you from afar with a +0 spear.
The gnoll misses you.
Unknown command.
You hit the gnoll. You kick the gnoll.
The gnoll is heavily wounded.
The gnoll hits you from afar with a +0 spear.
* * * LOW HITPOINT WARNING * * *
The gnoll barely misses you.
Unknown command.
You hit the gnoll. You kick the gnoll.
You kill the gnoll!
The gnoll throws a stone.
The stone hits you.
You die...

#.........#
#.........#
#.........#
#.........#
###......?..#
#g..........#
#)#.........#
###g#.........#
#h).+.........#
###.#.........#
#.###.###+###
#.# ### #.# #..
#[# .#


You could see a gnoll.

Vanquished Creatures
  2 gnolls (D:3)
  3 adders
  2 dart slugs (D:1)
  4 bats
  6 endoplasms
  2 giant cockroaches (D:1)
  5 goblins
  7 hobgoblins
  7 jackals
  A quokka (D:1)
  3 ball pythons
  6 frilled lizards
  8 kobolds
  3 rats (D:1)
59 creatures vanquished.

Notes
Turn   | Place    | Note
-------+----------+-------------------------------------------
     0 | D:1      | jestert79 the Demonspawn Shapeshifter began the quest for
                  | the Orb.
     0 | D:1      | Reached XP level 1. HP: 15/15 MP: 1/1
   148 | D:1      | Reached skill level 3 in Unarmed Combat
   157 | D:1      | Gained mutation: You regenerate magic rapidly. [demonic
                  | ancestry]
   157 | D:1      | Reached XP level 2. HP: 7/21 MP: 2/2
   546 | D:1      | Reached XP level 3. HP: 18/26 MP: 3/3
  1507 | D:2      | Reached skill level 4 in Unarmed Combat
  1507 | D:2      | Gained mutation: You have large cloven feet. [demonic
                  | ancestry]
  1507 | D:2      | Reached XP level 4. HP: 26/32 MP: 4/4
  1984 | D:3      | Hit by a stone thrown by a gnoll

Illustrated notes

Levels and vault maps discovered:
D:1:      dpeg_arrival_simpleton_a, layout_basic, minmay_tetromino_s2
D:2:      layout_basic
D:3:      layout_basic, bloody_makhleb, lemuel_doored_altar,
          shapermc_ecumenical_altar_ellora

Skill      XL: |  1  2  3 |
---------------+----------+-----
Unarmed Combat | 3 4 |  4.2
Shapeshifting  | 3 |  3.4
Fighting       | |  1.0
Dodging        | |  1.7

Action                     |  1- 3 |  4- 6 || total
---------------------------+-------+-------++-------
  Melee: Unarmed           |   141 |    32 ||   173
         Punch             |     3 |     1 ||     4
         Kick              |       |    11 ||    11
    Use: Scroll            |       |     2 ||     2
         Potion            |       |     1 ||     1
   Stab: Sleeping          |     1 |     1 ||     2
 Armour: Animal skin       |    59 |    24 ||    83
  Dodge: Dodged            |    81 |    23 ||   104

Table legend: (Time is in decaauts)
 A = Elapsed time spent in this place.
 B = Non-inter-level travel time spent in this place.
 C = Inter-level travel time spent in this place.
 D = Time resting spent in this place.
 E = Time spent auto-exploring this place.
 F = Levels seen in this place.
 G = Mean time per level.
                   A        B        C        D        E       F      G
               +--------+--------+--------+--------+--------+-----+--------+
         Total |   1973 |   1850 |    123 |    149 |   1260 |   3 |  657.7 |
       Dungeon |   1973 |   1850 |    123 |    149 |   1260 |   3 |  657.7 |
               +--------+--------+--------+--------+--------+-----+--------+

Top non-repeatable levels by time:
     D:1: 1176 daAuts
     D:2: 583 daAuts
     D:3: 213 daAuts
